 Dungeon Crawl Stone Soup version 0.19.1 (webtiles) character file.

9482 dvd the Basher (level 11, -5/89 HPs)
             Began as a Deep Dwarf Fighter on Dec 11, 2016.
             Was a Priest of Makhleb.
             Slain by a hill giant
             ... wielding a +0 giant club
              (31 damage)
             ... on level 10 of the Dungeon.
             The game lasted 00:33:06 (7862 turns).

dvd the Basher (Deep Dwarf Fighter)                 Turns: 7862, Time: 00:33:07

Health: -5/89      AC: 13    Str: 20    XL:     11   Next: 23%
Magic:  24/24      EV: 11    Int: 13    God:    Makhleb [***...]
Gold:   221        SH: 11    Dex: 18    Spells: 1 memorised, 11 levels left

rFire  . . .     SeeInvis .     d - +1 morningstar (drain)
rCold  . . .     Gourm    .     b - +0 scale mail
rNeg   . . .     Faith    .     c - +0 shield
rPois  +         Spirit   .     M - +0 helmet {Int+3}
rElec  .         Reflect  .     N - +0 cloak
rCorr  .         Harm     .     s - +1 pair of gloves
MR     ++...                    (no boots)
Stlth  +.........               G - amulet "Omoxtint" {RegenMP MR+}
                                u - ring of poison resistance
                                I - ring of magical power

@: non-regenerating
A: damage resistance, recharge devices, talons 1, thin skeletal structure 1,
agile 1, frail 1, mutation resistance 1, sense surroundings 2, slow regeneration
3, MP-powered wands
a: Device Recharging, Minor Destruction, Lesser Servant of Makhleb, Renounce
Religion


You were on level 10 of the Dungeon.
You worshipped Makhleb.
Makhleb was most pleased with you.
You were not hungry.

You visited 2 branches of the dungeon, and saw 11 of its levels.

You collected 410 gold pieces.
You spent 189 gold pieces at shops.

Inventory:

Hand Weapons
 d - a +1 morningstar of draining (weapon)
 E - a +1 dire flail of crushing
 L - a +3 war axe of venom
Armour
 b - a +0 scale mail (worn)
 c - a +0 shield (worn)
 m - a +0 helmet
 s - a +1 pair of gloves (worn)
 t - a +2 robe of cold resistance
 H - the +0 hat "Dutohy" {rElec rC- Stlth+}
   (You found it on level 10 of the Dungeon)

   It makes you vulnerable to cold.
   It insulates you from electricity.
   It makes you more stealthy.
 M - a +0 helmet of intelligence (worn)
 N - a +0 cloak (worn)
Magical Staves
 w - an uncursed staff of wizardry
Jewellery
 r - an uncursed ring of flight
 u - a ring of poison resistance (right hand)
 D - an uncursed ring of wizardry
 G - the amulet "Omoxtint" (around neck) {RegenMP MR+}
   (You found it on level 10 of the Dungeon)

   [amulet of magic regeneration]

   It increases your magic regeneration.
   It affects your resistance to hostile enchantments.
 I - a ring of magical power (left hand)
Wands
 e - a wand of heal wounds (1/9)
 j - a wand of lightning (3/15)
 v - a wand of flame (3/48)
 z - a wand of teleportation (6/9)
 F - a wand of slowing (31/48)
Scrolls
 n - a scroll of fear
 o - 8 scrolls of identify
 p - a scroll of recharging
 y - 4 scrolls of teleportation
 A - 2 scrolls of amnesia
 K - a scroll of remove curse
Potions
 a - 2 potions of haste
 i - a potion of curing
 B - a potion of beneficial mutation {unknown}
Books
 C - a book of Changes

   Spells                             Type                      Level
   a - Beastly Appendage              Transmutation                1
   b - Sticks to Snakes               Transmutation                2
   c - Spider Form                    Transmutation/Poison         3
   d - Ice Form                       Ice/Transmutation            4
   e - Blade Hands                    Transmutation                5
 J - a Young Poisoner's Handbook

   Spells                             Type                      Level
   a - Sting                          Conjuration/Poison           1
   b - Mephitic Cloud                 Conjuration/Poison/Air       3
   c - Olgreb's Toxic Radiance        Poison                       4
   d - Alistair's Intoxication        Transmutation/Poison         5
   e - Venom Bolt                     Conjuration/Poison           5
Comestibles
 f - 6 bread rations
 g - 3 meat rations
 h - 9 royal jellies
 k - 5 beef jerkies
 l - 12 fruits
 q - 8 chunks of flesh


   Skills:
 + Level 6.9 Fighting
 + Level 8.2(10.3) Axes
 + Level 9.1(10.2) Maces & Flails
 + Level 8.3 Armour
 + Level 5.0 Dodging
 + Level 2.1 Stealth
 + Level 6.3 Shields
 + Level 1.0 Spellcasting
 + Level 1.0 Conjurations
 + Level 1.2 Poison Magic
 + Level 6.2 Evocations


You had 11 spell levels left.
You knew the following spells:

 Your Spells              Type           Power        Failure   Level  Hunger
a - Sting                 Conj/Pois      #...         98%         1    ##.....


Dungeon Overview and Level Annotations

Branches:
Dungeon (10/15)            Temple (1/1) D:7            Lair (0/6) D:10
    Orc (0/2) D:9

Altars:
Ashenzari
Cheibriados
Dithmenos
Elyvilon
Fedhas
Gozag
Hepliaklqana
Kikubaaqudgha
Makhleb
Nemelex Xobeh
Okawaru
Qazlal
Ru
Sif Muna
Trog
Uskayaw
Vehumet
Xom
Yredelemnul
Zin
The Shining One

Shops:
D:9 }?   D:10 ?[(


Innate Abilities, Weirdness & Mutations

You are resistant to damage.
You can recharge devices by infusing magical energy.
You passively map the area around you.
You do not regenerate.
You have sharp toenails.
You have a somewhat thin skeletal structure. (Dex +2, Stealth)
You are agile. (Dex +2)
You are frail. (-10% HP)
You are somewhat resistant to further mutation.
You expend magic power (3 MP) to strengthen your wands.


Message History

You puncture the hill giant!
You claw the hill giant, but do no damage.
The hill giant is heavily wounded.
The hill giant hits you with a giant club!
You hit the hill giant but do no damage.
You claw the hill giant.
The hill giant is heavily wounded.
The hill giant hits you with a giant club!
You sock the hill giant! You drain the hill giant!
The hill giant is severely wounded.
You sock the hill giant!
You claw the hill giant, but do no damage.
The hill giant is almost dead.
The hill giant hits you with a giant club!!
* * * LOW HITPOINT WARNING * * *
You hit the hill giant. You drain the hill giant!
You claw the hill giant, but do no damage.
The hill giant is almost dead.
The hill giant hits you with a giant club!!
You die...

#.#....##.........## #.######.
#......#...........###.#).....
###..>...PP.........#..#......
##.........>.........#......
#...................#......
#####...........#...#....#.
##.........##.#........
###.....####รท#...##...
#..#@### #.#...##... #...C#
#.......... #$...# #...#....##
###..# #.......... #..#
..........# #..# #...######.#
#..# #...######.# #..#
#........... * * #......#.#


You could see a hill giant.

Vanquished Creatures
  A centaur warrior (D:10)
  2 hill giants (D:10)
  An elephant (D:10)
  Psyche (D:8)
  2 trolls
  A hornet (D:9)
  A blink frog (shapeshifter) (D:10)
  11 yaks (D:10)
  A vampire mosquito (D:10)
  2 hungry ghosts (D:10)
  Edmund (D:4)
  2 soldier ants (D:9)
  An eye of draining (shapeshifter) (D:10)
  2 sky beasts
  An orc warrior (D:7)
  A black bear (D:9)
  4 phantoms
  2 ogres
  5 ice beasts
  A necrophage (D:10)
  3 centaurs
  A crocodile (D:7)
  A big kobold (D:9)
  2 bullfrogs (D:9)
  5 scorpions
  5 killer bees (D:8)
  5 howler monkeys
  10 wights (D:10)
  A bullfrog zombie (D:3)
  A jelly (D:6)
  4 hounds
  2 centaur skeletons (D:7)
  4 orc priests
  A bullfrog skeleton (D:8)
  3 iguanas
  4 orc wizards
  8 worker ants
  2 killer bee zombies
  A hound skeleton (D:7)
  2 worker ant zombies
  Robin (D:2)
  10 gnolls
  4 adders
  2 shadow imps (D:10)
  2 oozes
  2 worms (D:3)
  2 dart slugs (D:2)
  7 leopard geckos
  20 orcs
  6 bats
  7 giant cockroaches
  7 goblins
  7 hobgoblins
  6 jackals
  10 kobolds
  5 quokkas
  A ball python (D:2)
  9 frilled lizards
  A quokka skeleton (D:4)
  8 rats
225 creatures vanquished.

Vanquished Creatures (others)
  A bush (D:7)
1 creature vanquished.

Grand Total: 226 creatures vanquished

Notes
Turn   | Place    | Note
-------+----------+-------------------------------------------
     0 | D:1      | dvd the Deep Dwarf Fighter began the quest for the Orb.
     0 | D:1      | Reached XP level 1. HP: 20/20 MP: 1/1
   281 | D:1      | Reached XP level 2. HP: 24/27 MP: 2/2
   538 | D:2      | Found a deep blue altar of Sif Muna.
   694 | D:2      | Noticed Robin
   708 | D:2      | Killed Robin
   708 | D:2      | Reached XP level 3. HP: 26/34 MP: 3/3
   787 | D:2      | Found a white marble altar of Elyvilon.
   937 | D:2      | Found a shattered altar of Ashenzari.
  1005 | D:2      | Found a shadowy altar of Dithmenos.
  1641 | D:2      | Reached XP level 4. HP: 15/42 MP: 4/4
  2065 | D:3      | Found an iron altar of Okawaru.
  2095 | D:3      | Reached XP level 5. HP: 40/49 MP: 5/5
  2334 | D:3      | Reached skill level 1 in Evocations
  2766 | D:4      | Reached skill level 1 in Dodging
  2771 | D:4      | Reached XP level 6. HP: 22/56 MP: 7/7
  3033 | D:4      | Reached skill level 5 in Axes
  3034 | D:4      | Noticed Edmund
  3046 | D:4      | Killed Edmund
  3279 | D:5      | Entered Level 5 of the Dungeon
  3429 | D:5      | Reached XP level 7. HP: 29/62 MP: 9/9
  3463 | D:5      | Learned a level 1 spell: Sting
  3535 | D:5      | Reached skill level 1 in Maces & Flails
  3771 | D:5      | Found a blossoming altar of Fedhas.
  3846 | D:5      | Reached skill level 2 in Maces & Flails
  4248 | D:6      | Reached XP level 8. HP: 67/72 MP: 11/11
  4252 | D:6      | Reached skill level 3 in Maces & Flails
  4279 | D:6      | Reached skill level 1 in Stealth
  4327 | D:6      | Found a sparkling altar of Nemelex Xobeh.
  4855 | D:6      | Gained mutation: You expend magic power (3 MP) to strengthen your wands. [potion of mutation]
  4855 | D:6      | Gained mutation: You are agile. (Dex +2) [potion of mutation]
  4987 | D:7      | Found a staircase to the Ecumenical Temple.
  4994 | Temple   | Entered the Ecumenical Temple
  4999 | Temple   | Became a worshipper of Makhleb the Destroyer
  5138 | D:7      | Reached skill level 5 in Evocations
  5161 | D:7      | Reached skill level 4 in Maces & Flails
  5161 | D:7      | Reached skill level 1 in Spellcasting
  5525 | D:7      | Found an opulent altar of Gozag.
  5526 | D:7      | Found a glowing silver altar of Zin.
  5647 | D:7      | Reached skill level 5 in Shields
  5648 | D:7      | Gained mutation: You passively map the area around you. [Deep Dwarf growth]
  5648 | D:7      | Reached XP level 9. HP: 80/80 MP: 13/13
  5781 | D:8      | Reached skill level 5 in Fighting
  5841 | D:8      | Reached skill level 5 in Armour
  5914 | D:8      | Gained mutation: You have a somewhat thin skeletal structure. (Dex +2, Stealth) [mutagenic meat]
  5915 | D:8      | Gained mutation: You have sharp toenails. [mutagenic meat]
  5916 | D:8      | Gained mutation: You are very agile. (Dex +4) [mutagenic meat]
  5917 | D:8      | Lost mutation: You are very agile. (Dex +4) [mutagenic meat]
  5918 | D:8      | Gained mutation: You are frail. (-10% HP) [mutagenic meat]
  5919 | D:8      | Gained mutation: You are somewhat resistant to further mutation. [mutagenic meat]
  5947 | D:8      | Reached * piety under Makhleb
  5947 | D:8      | Reached skill level 5 in Maces & Flails
  5948 | D:8      | Noticed Psyche
  5954 | D:8      | Killed Psyche
  6054 | D:8      | Found a hide-covered altar of Uskayaw.
  6359 | D:8      | Found a radiant altar of Vehumet.
  6494 | D:9      | Reached skill level 1 in Poison Magic
  6522 | D:9      | Found Gauqidd's Gadget Shop.
  6669 | D:9      | Noticed a troll
  6678 | D:9      | Killed a troll
  6678 | D:9      | Reached skill level 6 in Maces & Flails
  6723 | D:9      | Found a glowing golden altar of the Shining One.
  6813 | D:9      | Found Lagg's Magic Scroll Boutique.
  6862 | D:9      | Found a staircase to the Orcish Mines.
  6908 | D:9      | Reached XP level 10. HP: 27/81 MP: 14/14
  6914 | D:9      | Reached ** piety under Makhleb
  7175 | D:10     | Entered Level 10 of the Dungeon
  7175 | D:10     | Noticed a hill giant
  7184 | D:10     | Killed a hill giant
  7184 | D:10     | Reached skill level 7 in Maces & Flails
  7184 | D:10     | Reached skill level 1 in Conjurations
  7246 | D:10     | Noticed a salamander
  7258 | D:10     | a salamander changed into a blink frog
  7273 | D:10     | Noticed a centaur warrior
  7290 | D:10     | Noticed a hill giant
  7318 | D:10     | Killed a centaur warrior
  7321 | D:10     | Reached skill level 8 in Maces & Flails
  7350 | D:10     | Killed a hill giant
  7378 | D:10     | Reached XP level 11. HP: 74/89 MP: 15/15
  7433 | D:10     | Got a smoking brass amulet
  7434 | D:10     | Identified the amulet "Omoxtint" {RegenMP MR+} (You found it on level 10 of the Dungeon)
  7447 | D:10     | Got a translucent hat
  7458 | D:10     | Identified the +0 hat "Dutohy" {rElec rC- Stlth+} (You found it on level 10 of the Dungeon)
  7550 | D:10     | Reached *** piety under Makhleb
  7630 | D:10     | Found a hide-covered altar of Uskayaw.
  7679 | D:10     | Reached skill level 9 in Maces & Flails
  7680 | D:10     | Found a staircase to the Lair.
  7693 | D:10     | Reached skill level 5 in Dodging
  7741 | D:10     | Found Velug's Weapon Shop.
  7766 | D:10     | Found Unakhle's Antique Armour Shop.
  7773 | D:10     | Bought a runed helmet for 189 gold pieces
  7789 | D:10     | Found Voyt's Magic Scroll Emporium.
  7853 | D:10     | Noticed a hill giant
  7862 | D:10     | Slain by a hill giant

Skill      XL: |  1  2  3  4  5  6  7  8  9 10 11 |
---------------+----------------------------------+-----
Fighting       | 3 4 5 6 |  6.9
Axes           | 3 4 5 6 8 |  8.2
Shields        | 4 5 6 |  6.3
Evocations     | 1 2 4 5 6 |  6.2
Dodging        | 1 2 3 4 5 |  5.0
Armour         | 4 6 8 |  8.3
Maces & Flails | 2 4 6 8 9 |  9.1
Stealth        | 1 2 |  2.1
Spellcasting   | 1 |  1.0
Poison Magic   | 1 |  1.2
Conjurations   | 1 |  1.0

Action                   |  1- 3 |  4- 6 |  7- 9 | 10-12 || total
-------------------------+-------+-------+-------+-------++-------
Melee: War axe           |   152 |   102 |    59 |    18 ||   331
       Dire flail        |       |    24 |   322 |    52 ||   398
       Kick              |       |       |    52 |    95 ||   147
       Morningstar       |       |       |       |   178 ||   178
 Cast: Sting             |       |       |     2 |       ||     2
Evoke: Wand              |       |     5 |    10 |     2 ||    17
  Use: Scroll            |       |     3 |    10 |     2 ||    15
       Potion            |       |     1 |    17 |     1 ||    19
 Stab: Invisible         |       |       |     2 |       ||     2
  Eat: Chunk             |     2 |     7 |    16 |     9 ||    34
       Pizza             |       |       |     1 |       ||     1
Armor: Scale mail        |    64 |    82 |   179 |    73 ||   398
Dodge: Dodged            |    43 |    43 |   208 |    92 ||   386
Block: Shield            |    72 |    55 |    12 |   113 ||   252
